 Dungeon Crawl Stone Soup version 0.27-a0-323-gbd089401bb (webtiles) character file.

Game seed: 2232222674261462597

103 skwiii the Vexing (level 5, -3/29 HPs)
             Began as a Kobold Arcane Marksman on Feb 10, 2021.
             Was an Initiate of Okawaru.
             Slain by an orc
             ... wielding a +0 whip
              (5 damage)
             ... on level 3 of the Dungeon.
             The game lasted 00:16:23 (3336 turns).

skwiii the Vexing (Kobold Arcane Marksman)          Turns: 3336, Time: 00:16:24

Health: -3/29      AC:  8    Str:  7    XL:     5   Next: 6%
Magic:  8/8        EV: 14    Int: 14    God:    Okawaru [......]
Gold:   41         SH:  0    Dex: 17    Spells: 6/9 levels left

rFire    . . .     SeeInvis .   a - +0 hand crossbow
rCold    . . .     Faith    +   (shield restricted)
rNeg     . . .     Spirit   .   l - +0 leather armour
rPois    .         Reflect  .   (no helmet)
rElec    .         Harm     .   n - +0 cloak
rCorr    .         Rampage  .   (no gloves)
Will     .....                  (no boots)
Stlth    ++........             b - amulet of faith
HPRegen  0.09/turn              g - +4 ring of protection
MPRegen  0.11/turn              (no ring)

@: confused
A: small, nightstalker 3
a: Renounce Religion


You were on level 3 of the Dungeon.
You worshipped Okawaru.
Okawaru was noncommittal.
You visited 1 branch of the dungeon, and saw 3 of its levels.

You collected 41 gold pieces.

Inventory:

Hand Weapons
 a - a +0 hand crossbow (weapon)
Armour
 e - a +0 robe
 l - a +0 leather armour (worn)
 n - a +0 cloak (worn)
Jewellery
 b - an amulet of faith (around neck)
 g - a +4 ring of protection (left hand)
 m - a +4 ring of protection
Scrolls
 c - a scroll of magic mapping {unknown}
 f - 4 scrolls of identify
 h - a scroll of fear {unknown}
 i - a scroll of removedness
 k - a scroll of amnesia {unknown}
 o - a scroll of enchant armour {unknown}
Potions
 j - a potion of might


   Skills:
 - Level 1.1 Fighting
 + Level 3.8 Crossbows
 - Level 2.4 Dodging
 + Level 2.6 Spellcasting
 + Level 4.0 Hexes


You had 6 spell levels left.
You knew the following spells:

 Your Spells              Type           Power        Failure   Level
a - Corona                Hex            14%          6%          1
b - Slow                  Hex            13%          10%         2

Your spell library contained the following spells:

 Spells                   Type           Power        Failure   Level
 Inner Flame              Hex/Fire       7%           41%         3
 Portal Projectile        Hex/Tloc       14%          41%         3
 Cause Fear               Hex            6%           54%         4
 Leda's Liquefaction      Hex/Erth       3%           82%         4


Dungeon Overview and Level Annotations

Branches:
Dungeon (3/15)

Altars:
Okawaru
Xom


Innate Abilities, Weirdness & Mutations

You are small and have problems with some larger weapons.
You are completely attuned to the shadows.


Message History

Press: ? - help, Shift-Dir - straight line, f - orc
Aim: an orc, wielding a +0 flail (chance to affect: 67%)
The orc barely resists.
The orc barely misses you.
Fire: 3 bolts
Press: ? - help, Q - select action, (/) - cycle Shift-Dir - straight line, f/p - orc
Aim: an orc, wielding a +0 flail (64% to hit)
You shoot a bolt. The bolt hits the orc.
The orc is moderately wounded.
The orc wizard casts a spell at itself.
The orc wizard flickers and vanishes!
Deactivating autopickup; reactivate with Ctrl-A.
The orc barely misses you.
Fire: 2 bolts
Press: ? - help, Q - select action, (/) - cycle Shift-Dir - straight line, f/p - orc
Aim: an orc, wielding a +0 flail (moderately wounded, 64% to hit)
You shoot a bolt. The bolt completely misses the orc.
The orc misses you.
Fire: bolt
Press: ? - help, Q - select action, (/) - cycle Shift-Dir - straight line, f/p - orc
Aim: an orc, wielding a +0 flail (moderately wounded, 64% to hit)
You shoot a bolt. The bolt hits the orc.
You kill the orc!
Okawaru accepts your kill.
A magic dart appears from out of thin air!
The magic dart hits you.
* * * LOW HITPOINT WARNING * * *
A magic dart appears from out of thin air!
The magic dart hits you but does no damage.
You hear some strange, mumbled words.
You are confused.
You hear some strange, mumbled words.
A puff of flame appears from out of thin air!
The puff of flame hits you.
* * * LOW HITPOINT WARNING * * *
You hear some strange, mumbled words.
You are more confused.
You're too confused to move!
The orc completely misses you. Something hits you.
* * * LOW HITPOINT WARNING * * *
The orc hits you with a +0 whip.
You die...

# . .# ..####.##
......... .....##
#..# #.....#
#.##.{######...# ###
#...@o....###.#####..
####..###...........#
#..# #####.#######
....# #.# ###.#
####.# ### .....#
##.## ####.# ##.#.##
#.# # ##.###.### #.#
#


You could see an orc.

Vanquished Creatures
  3 adders
  A shadow imp (D:2)
  2 oozes
  3 leopard geckos
  2 orcs (D:3)
  A ball python (D:1)
  6 bats
  4 giant cockroaches
  6 goblins
  6 hobgoblins
  2 jackals (D:2)
  7 kobolds
  A quokka (D:3)
  2 frilled lizards
  8 rats
54 creatures vanquished.

Vanquished Creatures (others)
  11 plants (D:3)
11 creatures vanquished.

Grand Total: 65 creatures vanquished

Notes
Turn   | Place    | Note
-------+----------+-------------------------------------------
     0 | D:1      | skwiii the Kobold Arcane Marksman began the quest for the
                  | Orb.
     0 | D:1      | Reached XP level 1. HP: 12/12 MP: 2/2
   307 | D:1      | Reached XP level 2. HP: 16/16 MP: 2/4
   787 | D:1      | Reached XP level 3. HP: 16/20 MP: 3/5
   920 | D:1      | Learned a level 2 spell: Slow
  1590 | D:2      | Found a shimmering altar of Xom.
  1591 | D:2      | Found a shimmering altar of Xom.
  1591 | D:2      | Found a shimmering altar of Xom.
  1591 | D:2      | Found a shimmering altar of Xom.
  1592 | D:2      | Found a shimmering altar of Xom.
  1593 | D:2      | Found a shimmering altar of Xom.
  1759 | D:2      | Reached XP level 4. HP: 22/25 MP: 7/7
  1811 | D:2      | Found an iron altar of Okawaru.
  1823 | D:2      | Became a worshipper of Warmaster Okawaru
  1890 | D:2      | Found a faded altar of an unknown god.
  2816 | D:3      | Upgraded the game from 0.27-a0-291-gd9602db6ee to
                  | 0.27-a0-323-gbd089401bb
  3302 | D:3      | Reached skill level 4 in Hexes
  3302 | D:3      | Reached XP level 5. HP: 9/29 MP: 8/8
  3336 | D:3      | Slain by an orc

Illustrated notes

Levels and vault maps discovered:
D:1:      dpeg_arrival_oval, layout_loops_corners
D:2:      layout_basic, okawaru_gym_becter,
          chequers_ecumenical_altar_simple_redux, xom_redecorated
D:3:      layout_loops_corners, serial_bayou_lagoon_a, hex_medium,
          minmay_pentomino_pile

Skill      XL: |  1  2  3  4 |
---------------+-------------+-----
Crossbows      | 3 |  3.8
Spellcasting   | 2 |  2.6
Hexes          | 4 |  4.0
Fighting       | |  1.1
Dodging        | |  2.4

Action                   |  1- 3 |  4- 6 || total
-------------------------+-------+-------++-------
Melee: Hand crossbow     |       |    81 ||    81
       Unarmed           |       |    55 ||    55
 Fire: Hand crossbow     |    66 |    59 ||   125
 Cast: Corona            |    27 |    17 ||    44
       Slow              |     3 |       ||     3
  Use: Scroll            |     1 |     1 ||     2
       Potion            |       |     1 ||     1
Armor: Robe              |    15 |     5 ||    20
       Leather armour    |       |    95 ||    95
Dodge: Dodged            |    46 |   251 ||   297

Table legend: (Time is in decaauts)
 A = Elapsed time spent in this place.
 B = Non-inter-level travel time spent in this place.
 C = Inter-level travel time spent in this place.
 D = Time resting spent in this place.
 E = Time spent auto-exploring this place.
 F = Levels seen in this place.
 G = Mean time per level.
                   A        B        C        D        E       F      G
               +--------+--------+--------+--------+--------+-----+--------+
         Total |   3438 |   3414 |     24 |     18 |   2128 |   3 | 1146.0 |
       Dungeon |   3438 |   3414 |     24 |     18 |   2128 |   3 | 1146.0 |
               +--------+--------+--------+--------+--------+-----+--------+

Top non-repeatable levels by time:
     D:1: 1523 daAuts
     D:2: 1016 daAuts
     D:3: 899 daAuts
